Map: Temple gelé

Players

zidar

  • Race: Zerg Zerg
  • League: Gold
  • Spawn Location: 5:00

Hawk - Winner!

  • Race: Protoss Protoss
  • League: Gold
  • Spawn Location: 11:00

VOD

Have the link to the VOD?

Description

Time

  • Played on: June 4, 2016, 8:49 a.m.
  • Length: 4:21
Show
View Real Time Build Order
Export as new Build Order

zidar Zerg 

Build Orders: Pool First 

Get SALT Encoding   

  12  0:02  Drone  
  13  0:12  Overlord  
  13  0:17  Drone  
  14  0:31  Drone x2  
  14  0:34  Drone  
  17  0:48  Spawning Pool  
  16  0:51  Drone  
  17  1:15  Hatchery  
  17  1:17  Drone  
  17  1:20  Extractor  
  16  1:26  Drone  
  16  1:32  Drone  
  18  1:38  Queen  
  20  1:50  Overlord  
  20  1:51  Drone  
  21  1:55  Drone  
  23  2:08  Drone  
  23  2:17  Roach Warren  
  23  2:22  Queen  
  24  2:53  Pneumatized Carapace  
  24  2:58  Drone x2  
  26  3:01  Hatchery  
  18  3:30  Roach  
  18  3:31  Roach x3  
  16  3:48  Roach  
Show
View Real Time Build Order
Export as new Build Order

Hawk Protoss - Winner!

Build Orders:  

Get SALT Encoding   

  12  0:03  Probe (Chrono Boost)  
  13  0:13  Probe (Chrono Boost)  
  14  0:24  Probe (Chrono Boost)  
  15  0:35  Pylon  
  15  0:37  Pylon  
  15  0:40  Pylon  
  15  0:54  Probe (Chrono Boost)  
  16  1:04  Probe (Chrono Boost)  
  16  1:08  Forge  
  17  1:14  Pylon  
  17  1:35  Gateway  
  17  1:36  Gateway  
  17  1:39  Gateway  
  17  1:55  Photon Cannon  
  17  2:02  Assimilator  
  17  2:06  Probe (Chrono Boost)  
  18  2:17  Probe (Chrono Boost)  
  19  2:27  Probe (Chrono Boost)  
  19  2:28  Zealot (Chrono Boost)  
  26  2:30  Zealot x2 (Chrono Boost)  
  26  2:54  Zealot (Chrono Boost)  
  26  2:56  Zealot (Chrono Boost)  
  26  2:57  Zealot (Chrono Boost)  
  32  3:19  Zealot (Chrono Boost)  
  36  3:22  Zealot (Chrono Boost)  
  36  3:24  Zealot (Chrono Boost)  
  36  3:46  Zealot x2 (Chrono Boost)  
  42  3:51  Zealot (Chrono Boost)  
Tags
 
League
GoldGold
Matchup
PvZ
Opening
Pool First
Spawn Locations
Cross Positions
Add a new tag
Caveats
  • Supply blocks, unpowered buildings, or Contaminate may cause inaccurate times.
  • Supply counts are checked every 10 seconds.